AoeStats
← iaklimunda

Arabia

507606290Analyzed
1v1 RM · 13d ago on Sep 19, 2026· 66m 8s· 2 players
Game mode
Random Map
Map size
Tiny (2 player)
Population
200
Speed
Normal
Resources
Standard
Victory
Conquest
Starting age
Dark Age
Ending age
Imperial Age
RankedLock teamsTeams togetherTeam positionsShared explorationLock speedFull tech treeHidden civsTurbo modeCheats
Victory
Defeat
🇧🇴 Koreans · Bolivia
1162
+17
🇦🇷 Malians · Argentina
1184
-17
boaa
2:36 Loom
9:49 Feudal Age
10:19 Double-Bit Axe
16:40 Fletching
23:46 Castle Age
21:50 Horse Collar
24:53 Wheelbarrow
24:03 Town Watch
24:01 Crossbowman
24:48 Thumb Ring
24:40 Bodkin Arrow
28:16 Ballistics
29:51 Hand Cart
37:23 Imperial Age
36:20 Elite Skirmisher
37:55 Arbalester
39:38 Chemistry
38:42 Bracer
46:41 Scale Mail Armor
47:02 Pikeman
47:43 Squires
48:58 Chain Mail Armor
55:44 Plate Mail Armor
54:43 Halberdier
62:11 Forging
iaklimunda
7:22 Loom
9:51 Feudal Age
10:35 Double-Bit Axe
11:29 Man-at-Arms
15:12 Fletching
15:55 Horse Collar
22:03 Castle Age
20:51 Padded Archer Armor
22:08 Elite Skirmisher
22:47 Bodkin Arrow
23:08 Leather Archer Armor
25:03 Bow Saw
26:41 Wheelbarrow
27:52 Gold Mining
29:50 Bloodlines
30:16 Husbandry
30:41 Scale Barding Armor
30:24 Town Watch
31:00 Stone Mining
32:39 Forging
33:31 Hand Cart
37:32 Imperial Age
35:47 Chain Barding Armor
36:32 Iron Casting
36:28 Town Patrol
38:21 Farimba
38:58 Hoardings
39:32 Plate Barding Armor
39:16 Heavy Camel Rider
39:41 Cavalier
42:39 Gold Shaft Mining
45:35 Light Cavalry
46:56 Heavy Plow
48:40 Crop Rotation
62:09 Tigui
Connection lost

Rejoining the realm…

Still unreachable

The connection could not be restored.

Session expired

The server has moved on; the page needs a fresh start.